 Dungeon Crawl Stone Soup version 0.31.0-11-ge490571c62 (webtiles) character file.

Game seed: 1027902957769934168

8 browni3141 the Trooper (level 2, 24/24 HPs)
             Began as a Demonspawn Fighter on Jan 31, 2024.
             Got out of the dungeon alive.
             The game lasted 00:00:34 (351 turns).

browni3141 the Trooper (Demonspawn Fighter)          Turns: 351, Time: 00:00:35

Health: 24/24      AC:  8    Str: 16    XL:     2   Next: 0%
Magic:  2/2        EV:  8    Int:  8    God:
Gold:   28         SH:  4    Dex: 12    Spells: 1/1 levels left

rFire   . . .        a - +0 flail
rCold   . . .        c - +0 buckler
rNeg    . . .        b - +0 scale mail
rPois   .            (no helmet)
rElec   .            (no cloak)
rCorr   .            (no gloves)
SInv    .            (no boots)
Will    .....        (no amulet) Stlth
                     (no ring)
HPRegen 0.24/turn    (no ring)
MPRegen 0.08/turn

%: no passive effects
@: no status effects
A: molten scales 1
a: no special abilities


You escaped.
You visited 1 branch of the dungeon, and saw 1 of its levels.

You collected 28 gold pieces.

Inventory:

Hand Weapons
 a - a +0 flail (weapon)
Armour
 b - a +0 scale mail (worn)
 c - a +0 buckler (worn)
Scrolls
 f - a scroll of revelation {unknown}
 g - a scroll of teleportation {unknown}
Potions
 d - a potion of might
 e - a potion of haste {unknown}
 h - a potion of degeneration {unknown}


   Skills:
 + Level 3.1 Fighting
 + Level 2.0 Maces & Flails
 + Level 2.8 Armour
 + Level 2.8 Shields


You had one spell level left.
You didn't know any spells.
Your spell library was empty.

Dungeon Overview and Level Annotations

Branches:
Dungeon (1/15)

Altars:


Innate Abilities, Weirdness & Mutations

You are partially covered in molten scales. (AC +2)


Message History

A bat is nearby!
You closely miss the bat.
The bat is moderately wounded.
The bat hits you but does no damage.
A bat is nearby!
The bat hits you but does no damage.
A bat is nearby!
The bat hits you but does no damage.
A bat is nearby!
You closely miss the bat.
The bat is moderately wounded.
The bat barely misses you. The bat hits you but does no damage.
A bat is nearby!
You miss the bat.
The bat is moderately wounded.
The bat barely misses you. The bat hits you but does no damage.
A bat is nearby!
You completely miss the bat.
The bat is moderately wounded.
The bat hits you but does no damage. x3
A bat is nearby!
You barely miss the bat.
The bat is moderately wounded.
You block the bat's attack.
A bat is nearby!
A bat is nearby!
You closely miss the bat.
The bat is moderately wounded.
The bat closely misses you.
You thump the bat!
You kill the bat!
You now have 12 gold pieces.
A frilled lizard comes into view.
The frilled lizard hisses angrily.
A frilled lizard is nearby!
A frilled lizard is nearby!
The frilled lizard bites you but does no damage.
A frilled lizard is nearby!
You thump the frilled lizard!
You kill the frilled lizard!
g - a scroll labelled YRRICE FUYRETICKAN No target in view!
You now have 28 gold pieces (gained 16).
A ball python comes into view.
The ball python hisses angrily.
The ball python closely misses you. The ball python barely misses you.
A ball python is nearby!
You closely miss the ball python. The ball python closely misses you.
The ball python grabs you. The ball python constricts you.
A ball python is nearby!
You hit the ball python.
You kill the ball python!
h - a bubbling cyan potion No target in view!
You open the door.
There is an open door here.
An endoplasm comes into view.
The endoplasm quivers.
An endoplasm is nearby!
The endoplasm freezes you.
You are frozen.
An endoplasm is nearby!
You hit the endoplasm.
The endoplasm is heavily wounded.
The endoplasm hits you but does no damage.
An endoplasm is nearby!
You barely miss the endoplasm.
The endoplasm is heavily wounded.
The endoplasm completely misses you. You block the endoplasm's attack.
An endoplasm is nearby!
You hit the endoplasm but do no damage.
The endoplasm is heavily wounded.
The endoplasm hits you but does no damage.
An endoplasm is nearby!
You thump the endoplasm!
You kill the endoplasm!
HP restored.
A rat comes into view.
The rat squeaks loudly.
Found a stone staircase leading down.
A rat is nearby!
The rat completely misses you.
You sock the rat!
You kill the rat!
No target in view!
No target in view!
A goblin comes into view. It is wielding a +0 club.
A goblin is nearby!
A goblin is nearby!
The goblin hits you but does no damage.
You hit the goblin but do no damage. The goblin barely misses you.
A goblin is nearby!
You hit the goblin.
You kill the goblin!
Your Maces & Flails skill increases to level 2!
You have reached level 2!
Your demonic ancestry asserts itself...
Molten scales grow over part of your body.
There is a staircase leading out of the dungeon here.
You have escaped!

######
##...##### #
#...### #
#.....####### #
#..>#.......##
#
####.....##..#
#
####.8....##[#
#
#≈≈≈.......#.##
#
#≈≈≈≈§........#
#########
#§§§≈§@8..8...#
........#
#≈≈≈≈.........#
#######.#
#≈≈≈.......#.##
#.#
####.8.......#
#.# #.......###
#.# ####...##
#.# ##### #.#
#.#


There were no monsters in sight!

Vanquished Creatures
  2 bats (D:1)
  An endoplasm (D:1)
  A goblin (D:1)
  A quokka (D:1)
  A ball python (D:1)
  A frilled lizard (D:1)
  A rat (D:1)
8 creatures vanquished.

Notes
Turn   | Place    | Note
-------+----------+-------------------------------------------
     0 | D:1      | browni3141 the Demonspawn Fighter began the quest for the
                  | Orb.
     0 | D:1      | Reached XP level 1. HP: 18/18 MP: 1/1
   309 | D:1      | Gained mutation: You are partially covered in molten
                  | scales. (AC +2) [demonic ancestry]
   309 | D:1      | Reached XP level 2. HP: 24/24 MP: 2/2
   351 | D:$      | Got out of the dungeon alive.

Illustrated notes

Levels and vault maps discovered:
D:1:      grunt_arrival_lava_bath, layout_basic,
          dilly_ecumenical_altar_fadedgnrine

Skill      XL: |  1 |
---------------+----+-----
Maces & Flails | 2 |  2.0
Fighting       | |  3.1
Armour         | |  2.8
Shields        | |  2.8

Action                     || total
---------------------------++-------
  Melee: Flail             ||    23
 Armour: Scale mail        ||    22
  Dodge: Dodged            ||    13
  Block: Buckler           ||     4
